Map: Dusk Towers

Players

IIIIIIIIlI - Winner!

  • Race: Zerg Zerg
  • League: Diamond

ILLBdA

  • Race: Protoss Protoss
  • League: Diamond

VOD

Have the link to the VOD?

Description

Time

  • Played on: Dec. 22, 2015, 11:46 a.m.
  • Length: 10:33
Show
View Real Time Build Order
Export as new Build Order

IIIIIIIIlI Zerg - Winner!

Build Orders: Pool First 

Get SALT Encoding   

  12  0:18  Spawning Pool  
  11  0:22  Drone  
  11  0:27  Drone  
  13  0:31  Drone  
  14  0:42  Overlord  
  14  1:05  Queen, Zergling x4  
  14  1:06  Zergling x2  
  19  1:16  Drone  
  20  1:36  Hatchery, Drone  
  20  1:40  Drone  
  21  1:50  Extractor  
  21  1:51  Queen  
  22  1:58  Overlord  
  21  2:17  Drone x3  
  21  2:18  Drone x2  
  26  2:27  Drone  
  27  2:37  Drone  
  28  2:48  Queen  
  28  2:49  Drone x2  
  32  2:55  Drone x3  
  35  3:02  Lair  
  35  3:14  Overlord  
  35  3:17  Overlord  
  35  3:29  Drone  
  35  3:33  Drone x4  
  40  3:35  Roach Warren  
  40  3:36  Drone  
  40  3:39  Drone  
  40  3:41  Drone  
  42  3:45  Drone  
  42  3:48  Drone  
  44  3:56  Drone x2  
  44  3:57  Drone x2  
  44  4:00  Extractor x2  
  44  4:02  Infestation Pit  
  45  4:05  Extractor  
  45  4:09  Drone x2  
  46  4:13  Drone x3  
  51  4:17  Roach  
  51  4:21  Drone  
  51  4:22  Spore Crawler  
  51  4:23  Spore Crawler  
  50  4:28  Drone x2  
  52  4:32  Overlord, Hydralisk Den  
  52  4:34  Drone  
  52  4:42  Overlord  
  52  4:44  Overlord  
  52  4:56  Overlord  
  51  5:01  Roach x2  
  51  5:05  Roach x3  
  60  5:12  Drone x3  
  63  5:20  Drone  
  64  5:23  Drone  
  64  5:26  Hydralisk, Muscular Augments  
  66  5:36  Hydralisk  
  68  5:51  Hatchery  
  67  5:58  Overlord  
  67  6:00  Overlord x3  
  67  6:03  Overseer  
  67  6:10  Hive  
  67  6:11  Evolution Chamber, Overlord x2  
  66  6:12  Evolution Chamber  
  66  6:17  Drone x5  
  70  6:24  Drone x4  
  70  6:25  Drone x2  
  76  6:26  Glial Reconstitution  
  76  6:30  Drone  
  77  6:42  Overlord x2  
  77  6:44  Zerg Missile Weapons Level 1  
  77  6:45  Zerg Ground Armor Level 1  
  77  6:50  Hydralisk x2  
  77  6:53  Hydralisk  
  83  6:57  Hydralisk  
  83  6:58  Hydralisk  
  87  7:04  Hydralisk  
  87  7:05  Hydralisk  
  91  7:11  Queen  
  91  7:14  Hydralisk x2  
  95  7:20  Hydralisk x2  
  97  7:29  Viper x2  
  99  7:31  Hydralisk x2  
  103  7:37  Drone x2  
  103  7:40  Hydralisk  
  107  7:49  Spore Crawler, Hydralisk  
  107  7:51  Drone x2  
  109  7:52  Extractor  
  109  7:55  Drone x2, Extractor  
  110  8:07  Hydralisk x4  
  110  8:08  Drone  
  119  8:16  Drone x3  
  119  8:19  Drone x4  
  124  8:20  Spore Crawler  
  123  8:28  Hydralisk x2  
  123  8:29  Hydralisk  
  123  8:31  Overlord  
  129  8:44  Overlord x3  
  129  8:49  Queen x2  
  129  8:51  Overlord  
  133  8:59  Nydus Network  
  132  9:04  Ravager x6  
  132  9:07  Roach x5  
  148  9:12  Hydralisk x2  
  146  9:32  Hydralisk  
  146  9:37  Nydus Canal  
  148  9:38  Hydralisk  
  148  9:39  Hydralisk x6  
  156  9:48  Hydralisk  
  156  9:49  Hydralisk x2  
  156  9:53  Hydralisk  
  156  9:56  Zergling x8  
  156  9:57  Hydralisk  
  156  9:58  Hydralisk  
  162  10:01  Hydralisk  
Show
View Real Time Build Order
Export as new Build Order

ILLBdA Protoss 

Build Orders:  

Get SALT Encoding   

  12  0:01  Probe (Chrono Boost)  
  13  0:11  Probe (Chrono Boost)  
  14  0:22  Probe (Chrono Boost), Pylon  
  15  0:40  Probe (Chrono Boost)  
  16  0:45  Forge  
  16  0:51  Probe (Chrono Boost)  
  17  1:01  Probe (Chrono Boost)  
  18  1:21  Probe (Chrono Boost)  
  19  1:30  Gateway  
  19  1:31  Probe (Chrono Boost)  
  20  1:36  Assimilator  
  20  1:39  Photon Cannon  
  20  1:42  Probe (Chrono Boost), Assimilator  
  20  1:46  Pylon  
  21  1:52  Probe (Chrono Boost)  
  22  2:03  Probe (Chrono Boost)  
  22  2:04  Photon Cannon  
  23  2:15  Probe (Chrono Boost)  
  24  2:21  Cybernetics Core  
  23  2:25  Probe (Chrono Boost)  
  24  2:36  Probe (Chrono Boost)  
  25  2:44  Pylon  
  24  2:58  Adept (Chrono Boost)  
  26  3:00  Warp Gate  
  26  3:01  Mothership Core (Chrono Boost)  
  28  3:14  Nexus  
  28  3:30  Probe (Chrono Boost)  
  28  3:33  Sentry, Stargate  
  31  3:42  Probe (Chrono Boost)  
  32  3:53  Probe (Chrono Boost)  
  33  4:00  Stalker  
  35  4:17  Phoenix (Chrono Boost)  
  37  4:19  Probe  
  38  4:25  Pylon  
  38  4:28  Probe  
  38  4:31  Probe  
  40  4:33  Pylon  
  40  4:38  Probe  
  40  4:41  Phoenix (Chrono Boost)  
  43  4:48  Probe  
  43  4:50  Assimilator  
  44  4:53  Probe  
  44  4:54  Assimilator  
  44  4:57  Stargate  
  45  5:03  Phoenix (Chrono Boost)  
  46  5:25  Phoenix (Chrono Boost)  
  48  5:46  Probe  
  48  5:47  Phoenix (Chrono Boost)  
  48  5:48  Probe  
  52  5:53  Phoenix (Chrono Boost)  
  52  5:58  Probe  
  52  5:59  Probe  
  54  6:09  Pylon  
  54  6:10  Probe  
  57  6:13  Probe  
  57  6:14  Phoenix (Chrono Boost)  
  57  6:16  Pylon  
  60  6:25  Phoenix (Chrono Boost)  
  60  6:30  Nexus  
  60  6:31  Pylon  
  60  6:45  Probe  
  60  6:46  Phoenix (Chrono Boost)  
  63  6:49  Fleet Beacon  
  63  6:50  Phoenix (Chrono Boost)  
  63  6:52  Adept  
  67  7:01  Probe  
  66  7:31  Carrier (Chrono Boost)  
  70  7:38  Carrier (Chrono Boost)  
  70  7:41  Probe, Pylon  
  70  7:43  Pylon  
  77  7:45  Pylon  
  77  7:46  Probe  
  77  7:47  Probe  
  79  7:53  Probe  
  79  7:55  Gateway  
  79  7:57  Gateway, Probe  
  81  8:03  Graviton Catapult (Chrono Boost)  
  81  8:08  Adept  
  79  8:29  Assimilator  
  79  8:30  Probe  
  79  8:33  Probe, Assimilator  
  81  8:37  Probe  
  82  8:48  Carrier (Chrono Boost)  
  82  8:50  Probe x2  
  90  8:57  Pylon  
  90  8:59  Pylon  
  90  9:00  Adept x2, Carrier (Chrono Boost)  
  90  9:02  Pylon  
  100  9:04  Pylon  
  100  9:39  Adept x3  
  84  10:01  Adept x2  
  100  10:24  Adept x3  
Tags
 
Matchup
PvZ
Opening
Pool First
Replay Pack
me
Add a new tag
Caveats
  • Supply blocks, unpowered buildings, or Contaminate may cause inaccurate times.
  • Supply counts are checked every 10 seconds.